 Dungeon Crawl Stone Soup version 0.19.0-2-gae57169 (webtiles) character file.

27 Enish the Insei (level 2, 0/22 HPs)
             Began as a Demigod Transmuter on Nov 7, 2016.
             Succumbed to an adder's poison
             ... on level 2 of the Dungeon.
             The game lasted 00:02:51 (785 turns).

Enish the Insei (Demigod Transmuter)                 Turns: 785, Time: 00:02:52

Health: 0/22       AC:  1    Str: 13    XL:     2   Next: 72%
Magic:  2/7        EV: 12    Int: 17    God:
Gold:   77         SH:  0    Dex: 16    Spells: 2 memorised, 1 level left

rFire  . . .     SeeInvis .       - Unarmed
rCold  . . .     Gourm    .     b - +0 robe
rNeg   . . .     Faith    .     (no shield)
rPois  .         Spirit   .     (no helmet)
rElec  .         Reflect  .     f - -2 cloak (curse)
rCorr  .         Harm     .     (no gloves)
MR     .....                    (no boots)
Stlth  +.........               (no amulet)
                                (no ring)
                                (no ring)

@: lethally poisoned (0 -> -7)
A: high mp 1
a: no special abilities


You were on level 2 of the Dungeon.
You were hungry.

You visited 1 branch of the dungeon, and saw 2 of its levels.

You collected 77 gold pieces.

Inventory:

Hand Weapons
 e - a +1 hand axe of chopping
Missiles
 a - 43 arrows
Armour
 b - a +0 robe (worn)
 f - a cursed -2 cloak (worn)
Scrolls
 g - a scroll of blinking {unknown}
 i - a scroll of remove curse {unknown}
 j - a scroll of fear {unknown}
 k - 3 scrolls of identify {unknown}
 l - a scroll of recharging {unknown}
 m - 2 scrolls of random uselessness {unknown}
Books
 c - a book of Changes

   Spells                             Type                      Level
   a - Beastly Appendage              Transmutation                1
   b - Sticks to Snakes               Transmutation                2
   c - Spider Form                    Transmutation/Poison         3
   d - Ice Form                       Ice/Transmutation            4
   e - Blade Hands                    Transmutation                5
Comestibles
 d - a bread ration
 h - 2 meat rations


   Skills:
 - Level 0.8 Fighting
 - Level 1.7 Dodging
 - Level 3.0 Unarmed Combat
 - Level 1.7 Spellcasting
 * Level 2.8 Transmutations


You had one spell level left.
You knew the following spells:

 Your Spells              Type           Power        Failure   Level  Hunger
a - Beastly Appendage     Tmut           ##....       10%         1    #......
b - Sticks to Snakes      Tmut           ##......     12%         2    ###....


Dungeon Overview and Level Annotations

Branches:
Dungeon (2/15)


Innate Abilities, Weirdness & Mutations

You have an increased reservoir of magic. (+10% MP)


Message History

The adder is heavily wounded.
* * * LOW HITPOINT WARNING * * *
You feel sick. The adder barely misses you.
You hit the adder.
The adder is severely wounded.
* * * LOW HITPOINT WARNING * * *
You feel sick. The adder bites you.
* * * LOW HITPOINT WARNING * * *
Unknown command.
You hit the adder.
The adder is almost dead.
The adder barely misses you.
You hit the adder.
You kill the adder!
* * * LOW HITPOINT WARNING * * *
You feel sick. The worm bites you but does no damage.
You hit the worm.
The worm is moderately wounded.
You die...

..#....#.##.####.# #.
#...............##.# #.## #.
###...............##.# #..# #.
#....g............##.# ###.###<
#....... ..######.##.###....###
#.....(# # #.##...........
#....S.# #.###..........
###.....g##########.###.#..#..##.
..............gw@..........>)....
######.######################..##
♣. ##.# ♣. #.# ♣♣ #.# #.# #.# #.#
#.#


You could see a worm and a goblin.

Vanquished Creatures
  An adder (D:2)
  A dart slug (D:1)
  A bat (D:1)
  2 goblins (D:1)
  A hobgoblin (D:1)
  2 kobolds (D:1)
  2 rats (D:1)
10 creatures vanquished.

Vanquished Creatures (collateral kills)
  A dart slug (D:1)
  A ball python (D:1)
  2 hobgoblins (D:1)
  A goblin (D:1)
  A kobold (D:1)
6 creatures vanquished.

Grand Total: 16 creatures vanquished

Notes
Turn   | Place    | Note
-------+----------+-------------------------------------------
     0 | D:1      | Enish the Demigod Transmuter began the quest for the Orb.
     0 | D:1      | Reached XP level 1. HP: 15/15 MP: 5/5
   129 | D:1      | Reached skill level 3 in Unarmed Combat
   289 | D:1      | Reached XP level 2. HP: 19/22 MP: 4/7
   293 | D:1      | Learned a level 2 spell: Sticks to Snakes
   783 | D:2      | HP: 1/22 [poisoned by an adder]
   785 | D:2      | Succumbed to an adder's poison

Skill      XL: |  1 |
---------------+----+-----
Unarmed Combat | 3 |  3.0
Transmutations | 2 |  2.8
Fighting       | |  0.8
Dodging        | |  1.7
Spellcasting   | |  1.7

Action                   || total
-------------------------++-------
Melee: Unarmed           ||    58
       Headbutt          ||     3
       Kick              ||     2
       Punch             ||     1
 Cast: Beastly Appendage ||     6
       Sticks to Snakes  ||    13
Armor: Robe              ||     9
Dodge: Dodged            ||    43
